 Dungeon Crawl Stone Soup version 0.27.1-33-g824d729ab1 (webtiles) character file.

Game seed: 13384975474543027441

511 pkoi the Insei (level 6, 0/51 HPs)
             Began as a Draconian Monk on Dec 2, 2021.
             Was a Believer of Qazlal.
             Slain by a wraith (7 damage)
             ... on level 4 of the Dungeon.
             The game lasted 00:05:13 (5925 turns).

pkoi the Insei (Draconian Monk)                     Turns: 5925, Time: 00:05:13

Health: 0/51       AC:  6    Str: 13    XL:     6   Next: 99%
Magic:  9/9        EV: 12    Int: 12    God:    Qazlal [**....]
Gold:   184        SH:  0    Dex: 14    Spells: 5/5 levels left

rFire    . . .     SeeInvis .     - Unarmed
rCold    . . .     Faith    .   (no shield)
rNeg     . . .     Spirit   .   (armour unavailable)
rPois    .         Reflect  .   (helmet restricted)
rElec    .         Harm     .   (no cloak)
rCorr    .         Rampage  .   (no gloves)
Will     .....                  (no boots)
Stlth    +.........             (no amulet)
HPRegen  0.17/turn              (no ring)
MPRegen  0.11/turn              (no ring)

@: confused, ambrosia-drunk, slowed, very slow
A: AC +6, unfitting armour, cold-blooded
a: Renounce Religion, Upheaval


You were on level 4 of the Dungeon.
You worshipped Qazlal.
Qazlal was pleased with you.
You visited 1 branch of the dungeon, and saw 5 of its levels.

You collected 184 gold pieces.

Inventory:

Hand Weapons
 g - a +2 dagger of venom
Wands
 f - a wand of flame (22)
Scrolls
 a - 4 scrolls of identify
 b - a scroll of vulnerability {unknown}
 c - a scroll of magic mapping {unknown}
 e - a scroll of teleportation {unknown}
 j - a scroll of immolation {unknown}
Potions
 d - a potion of degeneration {unknown}
 h - a potion of haste
 k - a potion of curing


   Skills:
 - Level 3.2 Fighting
 - Level 2.6 Dodging
 - Level 1.7 Stealth
 + Level 6.6 Unarmed Combat
 + Level 4.5 Invocations


You had 5 spell levels left.
You didn't know any spells.
Your spell library contained the following spells:

 Spells                   Type           Power      Damage    Failure   Level
 Freeze                   Ice            0%         1d3       32%         1
 Corpse Rot               Necr/Air       N/A        N/A       45%         2
 Poisonous Vapours        Pois/Air       0%         N/A       45%         2
 Frozen Ramparts          Ice            0%         1d2       69%         3
 Hailstorm                Conj/Ice       0%         3d3       97%         4
 Freezing Cloud           Conj/Ice/Air   0%         6-21      100%        5


Dungeon Overview and Level Annotations

Branches:
Dungeon (5/15)
 Temple: D:4-7

Altars:
Ashenzari
Elyvilon
Gozag
Qazlal
Ru
Yredelemnul
Zin

Shops:
D:4 [

Annotations:
D:3 1 runed translucent door, Crazy Yiuf
D:4 2 transporters


Innate Abilities, Weirdness & Mutations

Your plain brown scales are hard. (AC +6)
You cannot fit into any form of body armour.
You are cold-blooded and may be slowed by cold attacks.


Message History

The wraith hits you! The wraith drains your vigour!
You feel as though you will be slow longer.
You hit the wraith but do no damage.
You tail-slap the wraith, but do no damage.
The wraith is moderately damaged.
The wraith hits you!
* * * LOW HITPOINT WARNING * * *
The wraith drains your vigour!
You feel as though you will be slow longer.
The wraith hits you!
* * * LOW HITPOINT WARNING * * *
The wraith drains your vigour!
You feel as though you will be slow longer.
Aiming: Upheaval
Press: ? - help, Dir - move target Magma suddenly erupts from the ground!
The wraith hits you.
* * * LOW HITPOINT WARNING * * *
Unknown command.
You don't have enough magic at the moment.
The wraith closely misses you. The wraith barely misses you.
You climb upwards.
Level annotation: 2 transporters
There is a stone staircase leading down here.
As you read the scroll labelled AGIMAVV VUDWAG, it crumbles to dust.
It is a scroll of identify.
Really abort (and waste the scroll)?
h - a potion of haste The wraith hits you!
* * * LOW HITPOINT WARNING * * *
The wraith drains your vigour!
You feel as though you will be slow longer.
Okay, then.
Unknown command.
Okay, then.
Unknown command.
It was a potion of ambrosia.
You are confused.
You feel invigorated. The wraith hits you!
You die...

#..#...#.......#.####
#...###.....#.#..#
#####.......#.#..# ###
##............# ..#
#......[......# ..#
#.##.##..#.#..# ..###
###.............#
....#####......§...###.########
................@.............#
####.#########.§W###...#####.##
#..# #....................#
#####.# #.###...##..#.########
......# ##.##.#..#.....#.###
......###...###..#.#####...#
..........©...)..#)# ##.#.###
.......#######...#)# #.<....#
.......#8.©.8#..##.## #)######


You could see a wraith.

Vanquished Creatures
  Menkaure (D:4)
  Blork the orc (D:4)
  A scorpion (D:4)
  A hound (D:5)
  A jelly (D:4)
  Ijyb (D:4)
  A hound skeleton (D:4)
  A howler monkey zombie (D:3)
  Robin (D:3)
  3 gnolls (D:5)
  3 adders (D:2)
  2 worms
  4 dart slugs
  14 ball pythons
  8 endoplasms
  5 giant cockroaches
  13 goblins
  6 hobgoblins
  4 quokkas
  A ball python zombie (D:3)
  3 bats
  2 frilled lizards
  7 kobolds
  3 rats
87 creatures vanquished.

Notes
Turn   | Place    | Note
-------+----------+-------------------------------------------
     0 | D:1      | pkoi the Draconian Monk began the quest for the Orb.
     0 | D:1      | Reached XP level 1. HP: 19/19 MP: 1/1
   178 | D:1      | Reached XP level 2. HP: 25/26 MP: 2/2
   440 | D:1      | Reached skill level 4 in Unarmed Combat
   688 | D:1      | Found a faded altar of an unknown god.
   948 | D:1      | Reached XP level 3. HP: 25/31 MP: 3/3
  1405 | D:2      | Found a glowing silver altar of Zin.
  1445 | D:2      | HP: 1/31 [poisoned by an adder]
  1997 | D:2      | Reached XP level 4. HP: 38/38 MP: 4/4
  2434 | D:3      | Found a sacrificial altar of Ru.
  2518 | D:3      | Found a stormy altar of Qazlal.
  2523 | D:3      | Became a worshipper of Qazlal Stormbringer
  2523 | D:3      | Reached * piety under Qazlal
  2523 | D:3      | Reached ** piety under Qazlal
  2529 | D:3      | Reached skill level 5 in Unarmed Combat
  2669 | D:3      | Found an opulent altar of Gozag.
  3122 | D:3      | Reached skill level 1 in Invocations
  3218 | D:3      | Found a basalt altar of Yredelemnul.
  3337 | D:3      | Found a runed translucent door.
  3338 | D:3      | Noticed Crazy Yiuf
  3391 | D:4      | Noticed Robin
  3562 | D:3      | Killed Robin
  3777 | D:4      | Noticed Ijyb
  3792 | D:4      | Killed Ijyb
  3793 | D:4      | Reached XP level 5. HP: 29/45 MP: 6/6
  3935 | D:4      | Found a glowing silver altar of Zin.
  3967 | D:4      | Found a white marble altar of Elyvilon.
  4456 | D:4      | Found a transporter.
  4480 | D:4      | Found a transporter.
  4549 | D:4      | Found Vaerraog's Armour Shoppe.
  4569 | D:4      | Noticed Blork the orc
  4580 | D:4      | Killed Blork the orc
  4581 | D:4      | Reached skill level 6 in Unarmed Combat
  4581 | D:4      | Reached XP level 6. HP: 40/51 MP: 8/8
  4785 | D:4      | Noticed Menkaure
  4793 | D:4      | Killed Menkaure
  5138 | D:4      | Found a broken altar of Ashenzari.
  5552 | D:5      | Entered Level 5 of the Dungeon
  5613 | D:5      | Noticed a wraith
  5925 | D:4      | Slain by a wraith

Illustrated notes

Levels and vault maps discovered:
D:1:      dpeg_arrival_erosion, layout_basic, chequers_ecumenical_altar_island,
          minivault_4
D:2:      minmay_chambers_of_ones, layout_basic, basic_altar
D:3:      layout_basic, nicolae_gozag_seed_capital, nicolae_ru_awakened_eye,
          lemuel_zombie_altar_yredelemnul, grunt_qazlal_clouds,
          uniq_crazy_yiuf_cottage
D:4:      gammafunk_steamed_eel, layout_basic, ashenzari_altar_1,
          zin_scriptorium, nicolae_overflow_crystal_walls, serial_shops,
          nicolae_shop_statue_plus, uniq_robin, uniq_blork_the_orc, uniq_ijyb,
          uniq_menkaure
D:5:      layout_basic, mainiacjoe_overflow_chevrons

Skill      XL: |  1  2  3  4  5  6 |
---------------+-------------------+-----
Unarmed Combat | 4 5 6 |  6.6
Invocations    | 2 3 4 |  4.5
Fighting       | |  3.2
Dodging        | |  2.6
Stealth        | |  1.7

Action                   |  1- 3 |  4- 6 || total
-------------------------+-------+-------++-------
Melee: Unarmed           |   122 |   203 ||   325
       Tailslap          |     8 |    28 ||    36
       Punch             |     2 |     2 ||     4
Invok: Upheaval          |       |     2 ||     2
  Use: Potion            |     2 |     3 ||     5
       Scroll            |       |     1 ||     1
 Stab: Sleeping          |     6 |       ||     6
Armor: Skin              |    27 |    42 ||    69
Dodge: Dodged            |    95 |    98 ||   193
Block: Other             |       |    19 ||    19
